 Dungeon Crawl Stone Soup version 0.27-a0-1049-g450f9b2e0d (webtiles) character file.

Game seed: 1878098694084939667

490 night the Cutter (level 7, -1/44 HPs)
             Began as a Kobold Abyssal Knight on Apr 20, 2021.
             Was a Believer of Lugonu.
             Slain by an orc warrior
             ... wielding a +0 glaive
              (10 damage)
             ... on level 4 of the Dungeon.
             The game lasted 00:08:42 (4931 turns).

night the Cutter (Kobold Abyssal Knight)            Turns: 4931, Time: 00:08:43

Health: -1/44      AC:  6    Str: 11    XL:     7   Next: 37%
Magic:  10/10      EV: 13    Int: 13    God:    Lugonu [**....]
Gold:   176        SH:  0    Dex: 15    Spells: 6/6 levels left

rFire    + . .     SeeInvis .   b - +6 spear (venom)
rCold    . . .     Faith    .   (shield restricted)
rNeg     . . .     Spirit   .   h - +0 ring mail
rPois    .         Reflect  .   (no helmet)
rElec    .         Harm     .   (no cloak)
rCorr    .         Rampage  .   (no gloves)
Will     .....                  i - +0 pair of boots
Stlth    +++.......             (no amulet)
HPRegen  0.14/turn              n - ring of wizardry
MPRegen  0.12/turn              o - ring of protection from fire

@: no status effects
A: small, no large weapons, nightstalker 3
a: Renounce Religion, Depart the Abyss, Bend Space


You were on level 4 of the Dungeon.
You worshipped Lugonu.
Lugonu was pleased with you.
You visited 1 branch of the dungeon, and saw 4 of its levels.
You visited the Abyss 1 time.

You collected 176 gold pieces.

Inventory:

Hand Weapons
 a - a +2 short sword of protection
 b - a +6 spear of venom (weapon)
 k - a +0 rapier
Missiles
 c - 182 stones
 e - 17 arrows
 g - 34 poisoned darts
 q - 15 sling bullets
 s - 5 bolts
Armour
 d - a +0 leather armour
 h - a +0 ring mail (worn)
 i - a +0 pair of boots (worn)
Jewellery
 n - a ring of wizardry (left hand)
 o - a ring of protection from fire (right hand)
Scrolls
 f - a scroll of fear
 j - 2 scrolls of identify
 m - a scroll of holy word
 p - a scroll of fog {unknown}
 u - a scroll of brand weapon {unknown}
Potions
 l - a potion of heal wounds
 r - a potion of might {unknown}
 t - a potion of mutation {unknown}
 v - a potion of brilliance
 w - a potion of degeneration {unknown}


   Skills:
 + Level 5.3 Fighting
 + Level 5.7 Short Blades
 - Level 0.7 Armour
 - Level 2.4 Dodging
 + Level 3.4 Stealth
 + Level 4.7 Invocations


You had 6 spell levels left.
You didn't know any spells.
Your spell library was empty.

Dungeon Overview and Level Annotations

Branches:
Dungeon (4/15)
 Temple: D:4-7

Altars:
Sif Muna
The Shining One


Innate Abilities, Weirdness & Mutations

You are small and have problems with some larger weapons.
You are completely attuned to the shadows.


Message History

The quokka zombie is heavily damaged.
The quokka zombie misses you.
You hit the quokka zombie.
You destroy the quokka zombie!
Lugonu accepts your kill.
No target in view!
w - a glowing coppery potion No target in view!
Found a whip.
You see here a +0 whip.
Things that are here:
a +0 club; a +0 hand axe
Things that are here:
a +0 dagger; a +0 robe
Things that are here:
a jackal skeleton; a jackal skeleton; a jackal skeleton You see here a +0 flail.
An orc warrior comes into view. It is wielding a +0 glaive.
The orc warrior shouts!
You hear a shout! x3
Your +2 short sword of protection goes still.
Your +6 spear of venom begins to drip with poison!
b - a +6 spear of venom (weapon)
An orc comes into view. It is wielding a +0 dagger.
The orc shouts!
The orc warrior hits you from afar with a +0 glaive!
You reach to attack!
You hit the orc warrior but do no damage.
The orc warrior is poisoned.
The orc warrior hits you from afar with a +0 glaive!
Okay, then.
Okay, then.
You are too injured to fight recklessly!
You are too injured to fight recklessly!
You hit the orc warrior.
The orc warrior is poisoned.
The orc warrior is heavily wounded.
The orc warrior completely misses you.
The orc warrior hits you with a +0 glaive!
* * * LOW HITPOINT WARNING * * *
The orc warrior hits you from afar with a +0 glaive!
You die...

......#.# #........#### #.....
.##.###.# #######..##.## ######
.##.# #.# #......# .##.# #.#
#.##...#
.##.###.##########.##...#########
.##..............#.........##....
.#############.o).............###
#.#.#.........#..### .
#.#@#......#...).... #.
#o#.#..###.#<##..###
...##########.#.#..# #..........
...o......o...#.##.###.####.....
...############.##..............
#. ##.####............ #
#..####......#.####
#...##.........# #.#.##.......).#


You could see an orc warrior (very poisoned).

Vanquished Creatures
  An orc warrior (D:4)
  A scorpion (D:4)
  2 orc priests
  An iguana (D:4)
  Natasha (thrice) (D:3)
  2 orc wizards
  A gnoll (D:1)
  3 adders
  4 worms
  3 dart slugs
  5 orcs
  5 bats
  5 endoplasms
  4 giant cockroaches
  4 goblins
  5 hobgoblins
  3 jackals (D:4)
  7 kobolds
  2 quokkas
  4 ball pythons
  3 frilled lizards
  A quokka zombie (D:4)
  21 rats
90 creatures vanquished.

Notes
Turn   | Place    | Note
-------+----------+-------------------------------------------
     0 | Abyss:1  | night the Kobold Abyssal Knight began the quest for the
                  | Orb.
     0 | Abyss:1  | Reached XP level 1. HP: 14/14 MP: 2/2
   138 | Abyss:1  | Noticed a small abomination
   195 | D:1      | Escaped the Abyss
   429 | D:1      | Reached XP level 2. HP: 12/19 MP: 3/3
   947 | D:1      | Reached XP level 3. HP: 24/24 MP: 4/4
  1095 | D:1      | Reached * piety under Lugonu
  1878 | D:2      | Reached XP level 4. HP: 28/29 MP: 6/6
  2663 | D:3      | Reached XP level 5. HP: 17/33 MP: 7/7
  2992 | D:2      | HP: 3/33 [something/puff of flame (5)]
  3064 | D:3      | Reached ** piety under Lugonu
  3314 | D:3      | Found a shimmering blue altar of Sif Muna.
  3318 | D:3      | Found a glowing golden altar of the Shining One.
  3467 | D:3      | Noticed Natasha
  3478 | D:3      | Killed Natasha
  3618 | D:3      | Noticed Natasha
  3626 | D:3      | Killed Natasha
  3627 | D:3      | Reached skill level 1 in Stealth
  3627 | D:3      | Reached XP level 6. HP: 29/39 MP: 8/8
  3789 | D:3      | Noticed Natasha
  3797 | D:3      | Killed Natasha
  3952 | D:4      | Reached skill level 5 in Short Blades
  3952 | D:4      | Reached skill level 2 in Stealth
  4324 | D:4      | Reached skill level 5 in Fighting
  4521 | D:4      | Noticed an orc warrior
  4532 | D:4      | Reached XP level 7. HP: 37/44 MP: 10/10
  4931 | D:4      | Slain by an orc warrior

Illustrated notes

Levels and vault maps discovered:
D:1:      lightli_arrival_flooded_house, layout_loops_ring, kennysheep_boxes
D:2:      layout_basic, chequers_serial_rivers_small_a, minmay_rat_hole
D:3:      layout_rooms, minitemple, uniq_natasha
D:4:      layout_loops_ring, enter_ossuary_4, minmay_misc_feat_alley

Skill      XL: |  1  2  3  4  5  6  7 |
---------------+----------------------+-----
Short Blades   | 3 4 5 |  5.7
Invocations    | 3 4 |  4.7
Fighting       | 4 5 |  5.3
Stealth        | 1 2 3 |  3.4
Armour         | |  0.7
Dodging        | |  2.4

Action                   |  1- 3 |  4- 6 |  7- 9 || total
-------------------------+-------+-------+-------++-------
Melee: Short sword       |    77 |   136 |     3 ||   216
       Spear             |       |    56 |     9 ||    65
Invok: Depart the Abyss  |     1 |       |       ||     1
  Use: Scroll            |     2 |     2 |       ||     4
       Potion            |       |     4 |       ||     4
 Stab: Distracted        |     1 |       |       ||     1
       Sleeping          |     4 |     6 |       ||    10
Armor: Leather armour    |     7 |       |       ||     7
       Ring mail         |     9 |    49 |     1 ||    59
       Skin              |     1 |       |       ||     1
Dodge: Dodged            |    38 |    81 |     4 ||   123

Table legend: (Time is in decaauts)
 A = Elapsed time spent in this place.
 B = Non-inter-level travel time spent in this place.
 C = Inter-level travel time spent in this place.
 D = Time resting spent in this place.
 E = Time spent auto-exploring this place.
 F = Levels seen in this place.
 G = Mean time per level.
                   A        B        C        D        E       F      G
               +--------+--------+--------+--------+--------+-----+--------+
         Total |   4929 |   4726 |    203 |    424 |   3553 |   5 |  985.8 |
       Dungeon |   4734 |   4531 |    203 |    374 |   3511 |   4 | 1183.5 |
         Abyss |    195 |    195 |      0 |     50 |     42 |   1 |  195.0 |
               +--------+--------+--------+--------+--------+-----+--------+

Top non-repeatable levels by time:
     D:1: 1511 daAuts
     D:2: 1291 daAuts
     D:4: 1066 daAuts
     D:3: 864 daAuts
 Abyss:1: 195 daAuts
